 Dungeon Crawl Stone Soup version 0.24.0-29-g8ce449bc06 (webtiles) character file.

Game seed: 1011884467283892808, levelgen mode: deterministic

4190 RaHiT the Thaumaturge (level 10, -10/81 HPs)
             Began as a Purple Draconian Ice Elementalist on Nov 15, 2019.
             Was a Follower of Sif Muna.
             Mangled by a two-headed ogre
             ... wielding a +0 dire flail
              (19 damage)
             ... on level 8 of the Dungeon.
             The game lasted 01:21:57 (8468 turns).

RaHiT the Thaumaturge (DrIE)                        Turns: 8468, Time: 01:21:57

Health: -10/81     AC:  4    Str: 14    XL:     10   Next: 8%
Magic:  2/22       EV: 13    Int: 19    God:    Sif Muna [*.....]
Gold:   153        SH:  0    Dex: 11    Spells: 13/25 levels left

rFire    . . .     SeeInvis .   b - +0 arbalest
rCold    . . .     Gourm    .   (shield currently unavailable)
rNeg     + . .     Faith    .   (armour unavailable)
rPois    .         Spirit   .   (helmet restricted)
rElec    .         Reflect  .   s - +0 cloak
rCorr    .         Harm     .   (no gloves)
MR       +....                  (no boots)
Stlth    ++........             m - amulet of regeneration
HPRegen  0.63/turn              u - ring of positive energy
MPRegen  0.18/turn              x - +3 ring of strength

@: corroded, very slightly contaminated
A: breathe power, unfitting armour, cold-blooded, AC +7
a: Breathe Dispelling Energy, Channel Magic, Renounce Religion


You were on level 8 of the Dungeon.
You worshipped Sif Muna.
Sif Muna was aware of your devotion.
You were hungry.

You visited 2 branches of the dungeon, and saw 9 of its levels.

You collected 418 gold pieces.
You spent 265 gold pieces at shops.

Inventory:

Hand Weapons
 b - a +0 arbalest (weapon)
 c - a +1 scimitar
 A - a +2 hunting sling of velocity
 H - a +0 hunting sling of freezing
 I - a cursed -2 flail
 P - a +2 dagger of venom
 Q - a +0 morningstar
Missiles
 o - 62 bolts (quivered)
 q - 76 sling bullets
 M - 17 poisoned darts
 T - 4 javelins
Armour
 p - a scarf of resistance
 s - a +0 cloak (worn)
Jewellery
 m - an amulet of regeneration (around neck)
 u - a ring of positive energy (left hand)
 x - a +3 ring of strength (right hand)
 y - an uncursed amulet of the gourmand
 G - an uncursed ring of resist corrosion
 O - an uncursed amulet of the acrobat
 R - an uncursed ring of fire
Wands
 r - a wand of acid (15)
 z - a wand of scattershot (4)
Scrolls
 d - 3 scrolls of teleportation
 e - 7 scrolls of remove curse
 g - 3 scrolls of amnesia
 k - 2 scrolls of noise
 v - a scroll of enchant weapon
 B - 2 scrolls of magic mapping
 C - 3 scrolls of fog
 K - 3 scrolls of blinking
 L - 2 scrolls of fear
Potions
 h - 2 potions of haste
 i - 6 potions of curing
 n - a potion of might
 t - a potion of cancellation
 w - 2 potions of brilliance
 D - a potion of invisibility {unknown}
 E - 3 potions of heal wounds
 F - 2 potions of berserk rage {unknown}
 J - a potion of ambrosia
 S - a potion of flight
Comestibles
 j - 6 rations


   Skills:
 + Level 5.3 Fighting
 + Level 2.2 Crossbows
 - Level 3.2 Throwing
 + Level 3.9 Dodging
 - Level 2.0 Stealth
 * Level 8.3 Spellcasting
 * Level 5.0 Conjurations
 - Level 2.0 Summonings
 * Level 7.8 Ice Magic
 + Level 2.0 Invocations
 - Level 3.0 Evocations


You had 13 spell levels left.
You knew the following spells:

 Your Spells              Type           Power        Failure   Level  Hunger
a - Freeze                Ice            ####         1%          1    None
b - Ozocubu's Armour      Chrm/Ice       ###.....     5%          3    None
c - Summon Ice Beast      Ice/Summ       ####....     12%         4    ###....
d - Throw Icicle          Conj/Ice       ####....     6%          4    ###....

Your spell library contained the following spells:

 Spells                   Type           Power        Failure   Level  Hunger
 Throw Frost              Conj/Ice       ####..       1%          2    None


Dungeon Overview and Level Annotations

Branches:
Dungeon (8/15)             Temple (1/1) D:7
   Lair: D:8-11

Altars:
Ashenzari
Cheibriados
Dithmenos
Elyvilon
Fedhas
Hepliaklqana
Kikubaaqudgha
Makhleb
Nemelex Xobeh
Okawaru
Qazlal
Ru
Sif Muna
Trog
Uskayaw
Wu Jian
Xom
Yredelemnul
Zin
The Shining One

Shops:
D:4 *   D:8 [

Annotations:
D:8 Maurice


Innate Abilities, Weirdness & Mutations

You can breathe bolts of dispelling energy.
Your rich purple scales are hard. (AC +7)
You cannot fit into any form of body armour.
You are cold-blooded and may be slowed by cold attacks.


Message History

The two-headed ogre barely misses you.
The two-headed ogre hits you with a +0 giant club!!
Firing (i - inventory. (/) - cycle)
o - 64 bolts (quivered)
Press: ? - help, Shift-Dir - straight line, f/p - two-headed ogre
Aim: a two-headed ogre, wielding a +0 dire flail and a +0 giant club (almost dead)
You shoot a bolt. The bolt hits the two-headed ogre.
The two-headed ogre is almost dead.
The two-headed ogre hits you with a +0 dire flail!
* * * LOW HITPOINT WARNING * * *
The two-headed ogre hits you with a +0 giant club!
* * * LOW HITPOINT WARNING * * *
The two-headed ogre misses you. The two-headed ogre barely misses you.
Firing (i - inventory. (/) - cycle)
o - 63 bolts (quivered)
Press: ? - help, Shift-Dir - straight line, f/p - two-headed ogre
Aim: a two-headed ogre, wielding a +0 dire flail and a +0 giant club (almost dead)
You shoot a bolt.
The bolt hits the two-headed ogre but does no damage.
The two-headed ogre is almost dead.
The two-headed ogre hits you with a +0 dire flail!!
You die...

####### #...## #..#...#.#.#.##..
#...##.##..#<......#.##..
#########...##.##..#.#.#.#.#.##..
#................................
'..........................#.##..
#...#####.Y######..#.##..#.#.####
#...#.........# #........#.......
#...#####..######..#.##..###.###.
#...#####.....(O@....##...##.###.
#......##.........##.............
.......'...###.......##.#.##.####
.###...##....#.......+..#.##.# .#
#...##....#.).....####..#.# .#
#...##....#.......#.....#.# .#
######..###.......#.......#
.########.)###.......#.......#
.+...........'.......#.......#


You could see a two-headed ogre.

Vanquished Creatures
  Pikel (D:5)
  Prince Ribbit (D:5)
  Sigmund (D:5)
  A hungry ghost (D:7)
  Purgy (D:3)
  2 orc warriors
  An ogre (D:7)
  2 phantoms
  A sky beast (D:6)
  A necrophage (D:6)
  3 centaurs
  Blork the orc (D:4)
  5 bullfrogs
  3 scorpions
  A water moccasin skeleton (D:5)
  4 wights
  5 killer bees (D:7)
  2 howler monkeys
  3 crimson imps
  A bullfrog zombie (D:5)
  3 jellies
  4 orc priests
  7 orc wizards
  Crazy Yiuf (D:6)
  A centaur skeleton (D:5)
  4 worker ants
  Natasha (D:3)
  Robin (D:4)
  A howler monkey zombie (D:5)
  11 adders
  4 gnolls (D:7)
  3 shadow imps
  3 oozes
  An adder zombie (D:5)
  2 adder skeletons
  5 worms
  A dart slug (D:1)
  10 leopard geckos
  26 orcs
  2 ball pythons
  3 giant cockroaches (D:2)
  19 goblins
  9 hobgoblins
  10 jackals
  9 kobolds
  5 quokkas
  8 bats
  7 frilled lizards
  A jackal skeleton (D:6)
  A jackal zombie (D:5)
  7 rats
210 creatures vanquished.

Vanquished Creatures (collateral kills)
  A gargoyle (D:6)
  A killer bee (D:7)
  An orc (D:6)
  A jackal (D:7)
4 creatures vanquished.

Vanquished Creatures (others)
  A frilled lizard (D:5)
1 creature vanquished.

Grand Total: 215 creatures vanquished

Notes
Turn   | Place    | Note
-------+----------+-------------------------------------------
     0 | D:1      | RaHiT the Draconian Ice Elementalist began the quest for
                  | the Orb.
     0 | D:1      | Reached XP level 1. HP: 14/14 MP: 3/3
   246 | D:1      | Reached XP level 2. HP: 13/22 MP: 0/5
   690 | D:1      | Reached XP level 3. HP: 27/27 MP: 3/6
   695 | D:1      | Learned a level 3 spell: Ozocubu's Armour
   852 | D:2      | Reached skill level 1 in Fighting
   934 | D:2      | Found a faded altar of an unknown god.
  1356 | D:2      | You fall into a shaft and drop 1 floor!
  1433 | D:2      | Reached XP level 4. HP: 28/35 MP: 1/8
  1439 | D:2      | Learned a level 4 spell: Summon Ice Beast
  1819 | D:3      | Reached skill level 3 in Spellcasting
  1862 | D:3      | Noticed Natasha
  2043 | D:3      | Noticed Purgy
  2383 | D:3      | Reached XP level 5. HP: 38/40 MP: 4/9
  2393 | D:3      | You fall into a shaft and drop 1 floor!
  2469 | D:3      | Noticed a phantom
  2510 | D:3      | Killed a phantom
  2510 | D:3      | Reached skill level 1 in Throwing
  2510 | D:3      | Reached skill level 1 in Summonings
  2673 | D:2      | Reached XP level 6. HP: 10/48 MP: 8/11
  2816 | D:2      | Reached skill level 1 in Evocations
  3125 | D:4      | Found a shadowy altar of Dithmenos.
  3164 | D:4      | Found Fakaof's Assorted Antiques.
  3165 | D:4      | Found a glowing golden altar of the Shining One.
  3182 | D:4      | Found an ornate altar of the Wu Jian Council.
  3183 | D:4      | Found an ancient bone altar of Kikubaaqudgha.
  3184 | D:4      | Found a snail-covered altar of Cheibriados.
  3185 | D:4      | Found a bloodstained altar of Trog.
  3193 | D:4      | Noticed Blork the orc
  3207 | D:4      | Killed Blork the orc
  3207 | D:4      | Reached skill level 4 in Spellcasting
  3207 | D:4      | Your scales start taking on a rich purple colour.
  3207 | D:4      | Reached XP level 7. HP: 32/56 MP: 0/14
  3235 | D:4      | Bought a smoky amethyst potion for 27 gold pieces
  3235 | D:4      | Bought a scroll labeled JYR DEVACEN for 30 gold pieces
  3300 | D:4      | Reached skill level 5 in Spellcasting
  3343 | D:4      | Reached skill level 5 in Ice Magic
  3517 | D:4      | Noticed Robin
  3527 | D:4      | Killed Robin
  4003 | D:5      | Entered Level 5 of the Dungeon
  4064 | D:5      | Learned a level 4 spell: Throw Icicle
  4276 | D:5      | Noticed Prince Ribbit
  4296 | D:5      | Killed Prince Ribbit
  4391 | D:5      | Reached XP level 8. HP: 63/63 MP: 14/16
  4496 | D:5      | Noticed Sigmund
  4502 | D:5      | Killed Sigmund
  4502 | D:5      | Reached skill level 6 in Spellcasting
  4524 | D:5      | Got a warped rapier
  4525 | D:5      | Identified the +2 rapier of the Spectre {drain, rC+} (You
                  | found it on level 5 of the Dungeon)
  4806 | D:5      | Noticed Pikel
  4821 | D:5      | Killed Pikel
  4997 | D:6      | Reached skill level 7 in Spellcasting
  5010 | D:6      | Reached XP level 9. HP: 31/71 MP: 9/19
  5376 | D:6      | Noticed a gargoyle
  5495 | D:6      | Killed a gargoyle
  5495 | D:6      | Reached skill level 1 in Crossbows
  6044 | D:6      | Found a runed translucent door.
  6045 | D:6      | Noticed Crazy Yiuf
  6052 | D:6      | Killed Crazy Yiuf
  6059 | D:6      | Got a pitted mace
  6060 | D:6      | Identified the +5 mace "Killer Bee's Foe" {flame, Str+6
                  | Dex+4} (You found it on level 6 of the Dungeon)
  6126 | D:7      | Noticed a +0 hand axe
  6201 | D:7      | Found a staircase to the Ecumenical Temple.
  6210 | Temple   | Entered the Ecumenical Temple
  6259 | Temple   | Became a worshipper of Sif Muna the Loreminder
  6522 | D:7      | Reached skill level 1 in Invocations
  6543 | D:7      | Reached skill level 5 in Fighting
  6879 | D:7      | Found a hide-covered altar of Uskayaw.
  6893 | D:7      | Reached skill level 8 in Spellcasting
  6916 | D:7      | Noticed a +0 dagger
  6944 | D:7      | Reached * piety under Sif Muna
  7224 | D:3      | Killed Natasha
  7312 | D:3      | Killed Purgy
  7539 | D:7      | Reached XP level 10. HP: 71/81 MP: 2/22
  7856 | D:8      | Reached skill level 5 in Conjurations
  8197 | D:8      | Found Vuganac's Antique Armour Shop.
  8218 | D:8      | Bought an embroidered scarf for 208 gold pieces
  8446 | D:8      | Noticed a two-headed ogre
  8451 | D:8      | Noticed Maurice
  8468 | D:8      | Mangled by a two-headed ogre

Levels and vault maps discovered:
D:1:      wander_arrival_fairy_ring, layout_basic
D:2:      layout_basic, chequers_ecumenical_altar_simple_redux, st_stairs_9
D:3:      layout_basic, first_ration, uniq_natasha, uniq_purgy
D:4:      layout_loops_ring, grunt_temple_overflow_open, lemuel_round_altar,
          serial_shops, shop, minivault_5, uniq_blork_the_orc, uniq_robin
D:5:      layout_basic, uniq_sigmund, uniq_pikel, uniq_prince_ribbit1
D:6:      minmay_chambers_of_fours, layout_loops_ring, uniq_crazy_yiuf_cottage
D:7:      layout_cave_pods, dancing_weapons_uskayaw, minmay_temple_entry_ruins
D:8:      layout_basic, serial_shops, shop, uniq_maurice
Temple:   nicolae_temple_figure_eight

Skill      XL: |  1  2  3  4  5  6  7  8  9 10 |
---------------+-------------------------------+-----
Dodging        | 2 3 |  3.9
Stealth        | 2 |  2.0
Fighting       | 1 2 3 4 5 |  5.3
Spellcasting   | 3 4 5 7 8 |  8.3
Ice Magic      | 4 5 6 7 |  7.8
Throwing       | 1 2 3 |  3.2
Summonings     | 1 2 |  2.0
Evocations     | 1 2 3 |  3.0
Conjurations   | 3 4 5 |  5.0
Crossbows      | 2 |  2.2
Invocations    | 1 2 |  2.0

Action                   |  1- 3 |  4- 6 |  7- 9 | 10-12 || total
-------------------------+-------+-------+-------+-------++-------
Melee: Unarmed           |    26 |       |       |       ||    26
       Tailslap          |     2 |     4 |    21 |       ||    27
       Hand axe          |       |    13 |       |       ||    13
       Morningstar       |       |    14 |    78 |       ||    92
       Scimitar          |       |       |    24 |       ||    24
       Mace              |       |       |    64 |       ||    64
 Fire: Hunting sling     |     1 |    76 |    30 |       ||   107
       Arbalest          |       |    16 |    96 |    19 ||   131
Throw: Stone             |   129 |       |     6 |       ||   135
       Dart              |       |       |    27 |       ||    27
       Javelin           |       |       |     3 |       ||     3
 Cast: Freeze            |    54 |    49 |    63 |     9 ||   175
       Ozocubu's Armour  |       |     4 |    19 |       ||    23
       Throw Icicle      |       |       |    18 |     5 ||    23
       Summon Ice Beast  |       |       |     9 |     1 ||    10
 Abil: Breathe Dispellin |       |       |     1 |       ||     1
  Use: Potion            |       |     3 |     1 |       ||     4
       Scroll            |       |       |    11 |     5 ||    16
 Stab: Sleeping          |     1 |       |       |       ||     1
  Eat: Chunk             |     2 |    11 |    14 |     1 ||    28
       Ration            |       |       |     1 |       ||     1
Armor: Skin              |    20 |    17 |   124 |     3 ||   164
Dodge: Dodged            |    69 |    50 |   213 |    13 ||   345
       Rpst.: Scimitar   |       |       |     4 |       ||     4
